 Dungeon Crawl Stone Soup version 0.29-a0-383-g8b6f518c11 (webtiles) character file.

Game seed: 2025645273572305150

130 Artihs the Skirmisher (level 5, 0/42 HPs)
             Began as a Human Fighter on May 6, 2022.
             Slain by a hound (5 damage)
             ... on level 3 of the Dungeon.
             The game lasted 00:05:00 (2305 turns).

Artihs the Skirmisher (Human Fighter)               Turns: 2305, Time: 00:05:01

Health: 0/42       AC:  7    Str: 17    XL:     5   Next: 36%
Magic:  5/5        EV: 11    Int:  8    God:
Gold:   71         SH:  0    Dex: 14    Spells: 4/4 levels left

rFire   + . .      SeeInvis .   a - +0 rapier
rCold   . . .      Faith    .   (no shield)
rNeg    . . .      Spirit   .   p - +2 ring mail {rF+}
rPois   .          Reflect  .   (no helmet)
rElec   .          Harm     .   (no cloak)
rCorr   .          Rampage  .   (no gloves)
Will    .....                   (no boots)
Stlth   +.........              (no amulet)
HPRegen 0.14/turn               (no ring)
MPRegen 0.09/turn               (no ring)

@: no status effects
A: no striking features
a: no special abilities


You were on level 3 of the Dungeon.
You visited 1 branch of the dungeon, and saw 3 of its levels.

You collected 71 gold pieces.

Inventory:

Hand Weapons
 a - a +0 rapier (weapon)
 l - a +0 short sword
Missiles
 m - a throwing net (quivered)
Armour
 b - a +0 scale mail
 c - a +0 buckler
 k - a +0 chain mail
 p - a +2 ring mail of fire resistance (worn)
Jewellery
 o - a ring of see invisible
Scrolls
 e - 3 scrolls of identify {unknown}
 f - a scroll of vulnerability {unknown}
 i - 2 scrolls of magic mapping {unknown}
 n - a scroll of fog {unknown}
 q - a scroll of noise {unknown}
 r - a scroll of amnesia {unknown}
 s - a scroll of acquirement {unknown}
Potions
 d - a potion of might
 g - 2 potions of curing {unknown}
 h - a potion of heal wounds {unknown}
 j - a potion of berserk rage {unknown}


   Skills:
 + Level 3.6 Fighting
 + Level 2.8 Short Blades
 + Level 3.6 Armour
 * Level 2.7 Dodging
 - Level 3.0 Shields


You had 4 spell levels left.
You didn't know any spells.
Your spell library was empty.

Dungeon Overview and Level Annotations

Branches:
Dungeon (3/15)

Altars:
Hepliaklqana

Shops:
D:2 *


Message History

The adder bites you but does no damage. The orc closely misses you.
The adder closely misses you. The orc closely misses you.
You hit the adder.
The adder is severely wounded.
The adder bites you.
* * * LOW HITPOINT WARNING * * *
The orc barely misses you.
You miss the adder.
The adder is severely wounded.
The adder bites you but does no damage. The orc misses you.
The adder bites you.
* * * LOW HITPOINT WARNING * * *
You barely miss the adder.
The adder is severely wounded.
The adder bites you.
* * * LOW HITPOINT WARNING * * *
The orc hits you with a +0 hand axe.
* * * LOW HITPOINT WARNING * * *
You hit the adder.
The adder is severely wounded.
The adder bites you.
* * * LOW HITPOINT WARNING * * *
The orc barely misses you.
You hit the adder.
You kill the adder!
The orc hits you but does no damage.
You hit the orc.
The orc is heavily wounded.
The hound closely misses you. The orc hits you but does no damage.
The hound barely misses you.
You puncture the orc!
You kill the orc!
The hound closely misses you. The hound bites you.
* * * LOW HITPOINT WARNING * * *
The hound completely misses you.
Items here: )) [ †.
You hit the hound.
The hound is moderately wounded.
The hound bites you.
You die...

###
#####<##################
....#...................
###.............@#
##############h#
...[...o......?
#####...####### #...#
#...# #!..# ..... .#...#


You could see a hound and an orc priest.

Vanquished Creatures
  An orc wizard (D:3)
  4 gnolls
  2 adders
  A dart slug (D:2)
  2 orcs (D:3)
  9 ball pythons
  A bat (D:2)
  3 endoplasms
  A giant cockroach (D:2)
  3 goblins
  4 hobgoblins
  2 jackals (D:1)
  4 quokkas
  2 frilled lizards (D:1)
  2 kobolds (D:2)
  5 rats
46 creatures vanquished.

Vanquished Creatures (others)
  15 plants (D:1)
15 creatures vanquished.

Grand Total: 61 creatures vanquished

Notes
Turn   | Place    | Note
-------+----------+-------------------------------------------
     0 | D:1      | Artihs the Human Fighter began the quest for the Orb.
     0 | D:1      | Reached XP level 1. HP: 18/18 MP: 1/1
   349 | D:1      | Reached XP level 2. HP: 13/24 MP: 2/2
   543 | D:1      | Reached skill level 1 in Dodging
   708 | D:1      | Reached XP level 3. HP: 14/29 MP: 3/3
  1378 | D:2      | Found a hazy altar of Hepliaklqana.
  1496 | D:2      | Found a faded altar of an unknown god.
  1633 | D:2      | Reached XP level 4. HP: 26/35 MP: 4/4
  1978 | D:2      | Found Vefuwn's Assorted Antiques.
  2286 | D:3      | Reached XP level 5. HP: 40/41 MP: 5/5
  2305 | D:3      | Slain by a hound

Illustrated notes

Levels and vault maps discovered:
D:1:      doesnt_arrival_eight_statues, layout_basic, serial_bayou_lagoon_a,
          nicolae_grassy_gnolls
D:2:      layout_loops_ring, shapermc_ecumenical_altar_pompeii, serial_shops,
          nicolae_lakefront_shop, basic_altar
D:3:      layout_basic, nicolae_hepliaklqana_ecumenical_no_more, serial_shops,
          nicolae_shop_temple_entry_statues_fountains,
          ebering_ghost_reflecting_pool, kennysheep_small_spiral, uniq_ijyb

Skill      XL: |  1  2  3 |
---------------+----------+-----
Dodging        | 1 2 |  2.7
Fighting       | |  3.6
Short Blades   | |  2.8
Armour         | |  3.6
Shields        | |  3.0

Action                   |  1- 3 |  4- 6 || total
-------------------------+-------+-------++-------
Melee: Rapier            |   122 |    53 ||   175
       Punch             |     2 |       ||     2
Armor: Scale mail        |    48 |     6 ||    54
       Ring mail         |       |    13 ||    13
Dodge: Dodged            |    72 |    44 ||   116

Table legend: (Time is in decaauts)
 A = Elapsed time spent in this place.
 B = Non-inter-level travel time spent in this place.
 C = Inter-level travel time spent in this place.
 D = Time resting spent in this place.
 E = Time spent auto-exploring this place.
 F = Levels seen in this place.
 G = Mean time per level.
                   A        B        C        D        E       F      G
               +--------+--------+--------+--------+--------+-----+--------+
         Total |   2333 |   2276 |     57 |      0 |   1893 |   3 |  777.7 |
       Dungeon |   2333 |   2276 |     57 |      0 |   1893 |   3 |  777.7 |
               +--------+--------+--------+--------+--------+-----+--------+

Top non-repeatable levels by time:
     D:1: 1310 daAuts
     D:2: 897 daAuts
     D:3: 125 daAuts
